 Dungeon Crawl Stone Soup version 0.17-a0-1648-g0a089d4 (webtiles) character file.

21 xuran the Magician (level 2, -2/17 HPs)
             Began as a High Elf Wizard on Aug 12, 2015.
             Slain by a gnoll
             ... wielding a +0 halberd
              (5 damage)
             ... on level 1 of the Dungeon.
             The game lasted 00:05:22 (1022 turns).

xuran the Magician (High Elf Wizard)                Turns: 1022, Time: 00:05:23

Health: -2/17      AC:  2    Str:  6    XL:     2   Next: 65%
Magic:  0/8        EV: 12    Int: 21    God:
Gold:   10         SH:  0    Dex: 13    Spells: 2 memorised, 6 levels left

rFire  . . .     SeeInvis .     m - +0 dagger
rCold  . . .     Clarity  .     a - +0 robe
rNeg   . . .     SustAt   .     (no shield)
rPois  .         Gourm    .     b - +0 hat
rElec  .         Spirit   .     (no cloak)
rCorr  .         Warding  .     (no gloves)
rMut   .         Stasis   .     (no boots)
MR     .....                    (no amulet)
Stlth  ++........               (no ring)
                                (no ring)

@: not resistant to hostile enchantments, unstealthy
A: no striking features
a: no special abilities


You were on level 1 of the Dungeon.
You were not hungry.

You visited 1 branch of the dungeon, and saw 1 of its levels.

You collected 10 gold pieces.

Inventory:

Hand weapons
 m - a +0 dagger (weapon)
Missiles
 g - 2 throwing nets (quivered)
Armour
 a - a +0 robe (worn)
 b - a +0 hat (worn)
Jewellery
 f - an uncursed ring of protection from fire {unknown}
 j - a cursed ring of teleportation {unknown}
Scrolls
 h - a scroll of teleportation {unknown}
 k - a scroll of fog {unknown}
Potions
 e - a potion of curing {unknown}
Books
 c - a book of Minor Magic

   Spells                             Type                      Level
   a - Magic Dart                     Conjuration                  1
   b - Blink                          Translocation                2
   c - Call Imp                       Summoning                    2
   d - Repel Missiles                 Charms/Air                   2
   e - Slow                           Hexes                        2
   f - Conjure Flame                  Conjuration/Fire             3
   g - Mephitic Cloud                 Conjuration/Poison/Air       3
Comestibles
 d - a bread ration
 i - 2 meat rations


   Skills:
 + Level 2.5 Dodging
 + Level 2.4 Stealth
 + Level 4.3 Spellcasting
 + Level 1.1 Conjurations
 + Level 0.8 Summonings
   Level 1.1 Translocations


You had 6 spell levels left.
You knew the following spells:

 Your Spells              Type           Power        Failure   Level  Hunger
a - Magic Dart            Conj           #...         10%         1    None
b - Call Imp              Summ           #.......     14%         2    #......


Dungeon Overview and Level Annotations

Branches:
Dungeon (1/15)

Altars:


Message History

Casting: Call Imp
Confirm with . or Enter, or press ? or * to list all spells.
Aiming: Magic Dart
Press: ? - help, Shift-Dir - straight line, f - gnoll
Aim: a gnoll, wielding a halberd The magic dart hits the gnoll.
The gnoll is moderately wounded.
The gnoll barely misses you. The gnoll closely misses you.
The gnoll closely misses you.
Your magical contamination has completely faded away.
The gnoll hits you from afar with a halberd.
* * * LOW HITPOINT WARNING * * *
Casting: Magic Dart
Confirm with . or Enter, or press ? or * to list all spells.
A metallic apparition takes form in the air.
The gnoll misses you.
You swap places.
The gnoll hits you from afar with a halberd.
You die...

####### #.....# # #.....#
####### .8
#.....####.....# ..
##..###....###.# #.#
#..###.######.. #.#
#......# ##.... #.#
#####...######..#.# #.#
##.@................
##.####..#....#####...###.
.#####...#..5g..#.##
##..### #.
.......8..#..####.####..##
##
#####...##............##
##.##..###...######
#.....###..## #.....##...#
#.....##.#.#


You could see a gnoll and a friendly iron imp.

Vanquished Creatures
  An adder (D:1)
  A bat (D:1)
  A goblin (D:1)
  A hobgoblin (D:1)
  2 kobolds (D:1)
  2 giant newts (D:1)
  3 rats (D:1)
11 creatures vanquished.

Vanquished Creatures (collateral kills)
  A giant cockroach (D:1)
1 creature vanquished.

Grand Total: 12 creatures vanquished

Notes
Turn   | Place    | Note
--------------------------------------------------------------
     0 | D:1      | xuran the High Elf Wizard began the quest for the Orb.
     0 | D:1      | Reached XP level 1. HP: 11/11 MP: 6/6
   246 | D:1      | Reached skill level 4 in Spellcasting
   246 | D:1      | Reached XP level 2. HP: 12/17 MP: 0/8
   597 | D:1      | Learned a level 2 spell: Call Imp
  1022 | D:1      | Slain by a gnoll

Vault maps used:
D:1:      dpeg_arrival_more_subterranean_lakeside_camping,
          minmay_misc_feat_tower, minivault_14

Action                   || total
-------------------------++-------
Melee: Dagger            ||     1
 Cast: Magic Dart        ||    31
       Call Imp          ||     7
